 Dungeon Crawl Stone Soup version 0.31-a0-1376-g36f0627844 (webtiles) character file.

Game seed: 9058429837086498282

21 Jannitor the Trooper (level 2, -2/33 HPs)
             Began as an Oni Delver on Dec 24, 2023.
             Succumbed to an adder's poison
             ... on level 4 of the Dungeon.
             The game lasted 00:01:57 (187 turns).

Jannitor the Trooper (Oni Delver)                    Turns: 187, Time: 00:01:57

Health: -2/33      AC:  3    Str: 15    XL:     2   Next: 83%
Magic:  2/2        EV: 10    Int: 11    God:
Gold:   24         SH:  0    Dex: 10    Spells: 1/1 levels left

rFire   . . .        a - +0 mace
rCold   . . .        (no shield)
rNeg    . . .        b - +0 robe
rPois   .            (helmet restricted)
rElec   .            (no cloak)
rCorr   .            (gloves unavailable)
SInv    .            (boots unavailable)
Will    .....        (no amulet)
Stlth   ++           (no ring)
HPRegen 0.25/turn    (no ring)
MPRegen 0.08/turn

%: no passive effects
@: lethally poisoned (-2 -> -14)
A: large, unfitting armour, horns 1, tough skin 1, double potion healing,
drunken brawling
a: no special abilities


You were on level 4 of the Dungeon.
You visited 1 branch of the dungeon, and saw 2 of its levels.

You collected 24 gold pieces.

Inventory:

Hand Weapons
 a - a +0 mace (weapon)
Armour
 b - a +0 robe (worn)
Wands
 g - a wand of digging (3)
Scrolls
 c - a scroll of fog


   Skills:
 + Level 4.4 Fighting
 + Level 2.3 Maces & Flails
 + Level 2.1 Dodging
 + Level 3.9 Stealth


You had one spell level left.
You didn't know any spells.
Your spell library was empty.

Dungeon Overview and Level Annotations

Branches:
Dungeon (5/15)
 Temple: D:4-7

Altars:


Innate Abilities, Weirdness & Mutations

You are too large for most types of armour.
You have a pair of small horns on your head.
You have tough skin. (AC +1)
You gain doubled healing and magic from potions.
Whenever you drink a healing potion, you attack all around you.


Message History

Items here: )) [[ †.
Your extra speed is starting to run out.
You start resting.
You hear the slow hiss of an avalanche of sand nearby.
You feel yourself slow down.
You start resting.
An orc comes into view. It is wielding a +0 short sword.
Unknown command.
Okay, then.
Unknown command.
You aren't carrying any potions.
Okay, then.
Unknown command.
Unknown command.
Items here: )) [[ †.
Found a scroll labelled FITETZ CEUGH.
A hobgoblin comes into view.
The orc priest shouts!
You hear a shout! x2
A hound comes into view.
The orc priest mumbles some strange prayers to Beogh against you.
Beogh smites you!
* * * LOW HITPOINT WARNING * * *
The hound barks!
You hit the adder.
The adder is heavily wounded.
You hear a shout!
The adder barely misses you.
The orc priest complains noisily.
You hit the adder.
The adder is almost dead.
The adder bites you.
* * * LOW HITPOINT WARNING * * *
You are lethally poisoned!
The adder poisons you! The adder bites you.
* * * LOW HITPOINT WARNING * * *
You are more poisoned.
The adder poisons you!
You closely miss the adder.
The adder is almost dead.
You die...

*,,,,*,,,#?....####..###..##
*,,,,,,*,......#####......##
**,,****,,.........####...# *,**
**,#....**#..####..### **,*
*,#...,* *#.....o.... ****,,*
#,#...,* ####.......
*,,>,,**####.##.#######.........
*,,,,,,,........S..)....##......
*,,,,,,,,....##@##########..S.♣♣
*,,,,,,,*#...........#* ####...
*******,#..........o..#******#..
*,...........o...,,,,,,,..
**.............o.,,,,,,,,.
*............hg.,,,,,,,,,
*...............,,,,,,,,,
*...............,,,,,,,,,
**,,,,,,,,,,,,,,,,,,,,,,,


You could see a hound, an orc priest, an adder, 2 orcs and a hobgoblin.

Vanquished Creatures
  An adder (D:4)
  An ufetubus (D:4)
  3 orcs
5 creatures vanquished.

Notes
Turn   | Place    | Note
-------+----------+-------------------------------------------
     0 | D:5      | Jannitor the Oni Delver began the quest for the Orb.
     0 | D:5      | Reached XP level 1. HP: 24/24 MP: 1/1
    91 | D:5      | Noticed an ice beast
   112 | D:4      | Noticed an orc priest
   112 | D:4      | Noticed an iguana
   152 | D:4      | Reached XP level 2. HP: 5/32 MP: 2/2
   186 | D:4      | HP: 1/33 [adder (2)]
   187 | D:4      | Succumbed to an adder's poison

Illustrated notes

Levels and vault maps discovered:
D:4:      layout_rooms, serial_demonic, serial_demonic_e, serial_demonic_b,
          serial_demonic_e, serial_demonic_b, enter_ossuary_5, uniq_ijyb
D:5:      layout_rooms, kennysheep_mini, minmay_misc_feat_alley,
          kennysheep_diamond, chequers_serial_rivers_micro_a

Skill      XL: |  1 |
---------------+----+-----
Dodging        | 2 |  2.1
Fighting       | |  4.4
Maces & Flails | |  2.3
Stealth        | |  3.9

Action                     || total
---------------------------++-------
  Melee: Mace              ||    23
         Headbutt          ||     5
         Punch             ||     1
    Use: Scroll            ||     2
         Potion            ||     2
 Armour: Robe              ||    26
  Dodge: Dodged            ||    23

Table legend: (Time is in decaauts)
 A = Elapsed time spent in this place.
 B = Non-inter-level travel time spent in this place.
 C = Inter-level travel time spent in this place.
 D = Time resting spent in this place.
 E = Time spent auto-exploring this place.
 F = Levels seen in this place.
 G = Mean time per level.
                   A        B        C        D        E       F      G
               +--------+--------+--------+--------+--------+-----+--------+
         Total |    179 |    179 |      0 |      4 |     78 |   2 |   89.5 |
       Dungeon |    179 |    179 |      0 |      4 |     78 |   2 |   89.5 |
               +--------+--------+--------+--------+--------+-----+--------+

Top non-repeatable levels by time:
     D:5: 112 daAuts
     D:4: 67 daAuts
